 Dungeon Crawl Stone Soup version 0.30-a0-639-g3916f1956a (webtiles) character file.

Game seed: 4943426316859739349

45 wormed the Ducker (level 3, -3/28 HPs)
             Began as a Gnoll Wanderer on Jan 16, 2023.
             Was a Follower of Cheibriados.
             Killed by nerve-wracking pain
             ... invoked by Grinder
              (11 damage)
             ... while paralysed by Grinder
             ... on level 3 of the Dungeon.
             The game lasted 00:02:24 (1854 turns).

wormed the Ducker (Gnoll Wanderer)                  Turns: 1854, Time: 00:02:25

Health: -3/28      AC:  4    Str: 13    XL:     3   Next: 64%
Magic:  5/7        EV:  2    Int: 15    God:    Cheibriados [*.....]
Gold:   67         SH:  0    Dex: 13    Spells: 6/7 levels left

rFire   . . .      SeeInvis .    c - +2 dagger (venom)
rCold   . . .      Faith    +    (no shield)
rNeg    . . .      Spirit   .    d - +0 robe
rPois   .          Reflect  .    b - +0 helmet
rElec   .          Harm     .    g - +0 cloak
rCorr   .          Rampage  .    (no gloves)
Will    .....                    (no boots)
Stlth   ++                       f - amulet of faith
HPRegen 0.24/turn                (no ring)
MPRegen 0.10/turn                (no ring)

@: paralysed, very slow
A: fangs 1, strong nose, distributed training
a: Renounce Religion, Bend Time


You were on level 3 of the Dungeon.
You worshipped Cheibriados.
Cheibriados was aware of your devotion.
You visited 1 branch of the dungeon, and saw 3 of its levels.

You collected 67 gold pieces.

Inventory:

Hand Weapons
 a - a +2 spear
 c - a +2 dagger of venom (weapon)
Armour
 b - a +0 helmet (worn)
 d - a +0 robe (worn)
 g - a +0 cloak (worn)
Jewellery
 f - an amulet of faith (around neck)
 r - a ring of magical power
Scrolls
 h - 2 scrolls of fear {unknown}
 k - 2 scrolls of poison {unknown}
 l - a scroll of enchant weapon {unknown}
 n - a scroll of enchant armour {unknown}
Potions
 e - 3 potions of heal wounds {unknown}
 i - 2 potions of curing {unknown}
 j - a potion of ambrosia {unknown}
 o - a potion of flight {unknown}
 p - a potion of magic {unknown}
 q - 3 potions of lignification


   Skills:
 + Level 2.6 Fighting
 + Level 1.0 Short Blades
 + Level 1.0 Long Blades
 + Level 1.0 Axes
 + Level 1.0 Maces & Flails
 + Level 4.6 Polearms
 + Level 1.0 Staves
 + Level 1.0 Ranged Weapons
 + Level 2.6 Throwing
 + Level 2.6 Armour
 + Level 4.6 Dodging
 + Level 2.4 Stealth
 + Level 1.0 Shields
 + Level 1.0 Unarmed Combat
 + Level 2.9 Spellcasting
 + Level 0.7 Conjurations
 + Level 0.7 Hexes
 + Level 2.1 Summonings
 + Level 0.7 Necromancy
 + Level 0.7 Translocations
 + Level 0.7 Transmutations
 + Level 0.7 Fire Magic
 + Level 0.7 Ice Magic
 + Level 0.7 Air Magic
 + Level 0.7 Earth Magic
 + Level 0.7 Poison Magic
 + Level 1.0 Invocations
 + Level 1.0 Evocations


You had 6 spell levels left.
You knew the following spells:

 Your Spells              Type           Power      Damage    Failure   Level
a - Summon Small Mammal   Summ           32%        N/A       9%          1

Your spell library contained the following spells:

 Spells                   Type           Power      Damage    Failure   Level
 Summon Guardian Golem    Hex/Summ       6%         N/A       32%         3


Dungeon Overview and Level Annotations

Branches:
Dungeon (3/15)

Altars:
Cheibriados

Annotations:
D:3 Grinder


Innate Abilities, Weirdness & Mutations

You have very sharp teeth.
Your uncanny sense of smell can sniff out nearby items.
Your experience applies equally to all skills.


Message History

Your bat barely misses Grinder.
Grinder hits you but does no damage.
Your rat barely misses Grinder.
You barely miss Grinder.
Grinder is severely wounded.
Your bat barely misses Grinder.
Grinder barely misses you.
Your rat barely misses Grinder.
You hit Grinder but do no damage.
Grinder is severely wounded.
Your bat barely misses Grinder.
Grinder hits you.
Your rat bites Grinder.
You hit Grinder but do no damage. Your bite misses Grinder.
Grinder is severely wounded.
Your bat completely misses Grinder.
Grinder hits you.
You writhe in agony.
* * * LOW HITPOINT WARNING * * *
Your rat closely misses Grinder.
You barely miss Grinder. Your punch misses Grinder.
You bite Grinder, but do no damage.
Grinder is severely wounded.
Your bat hits Grinder but does no damage.
Your bat barely misses Grinder.
Grinder gestures at you. Pain shoots through your body!
* * * LOW HITPOINT WARNING * * *
You hit Grinder.
Grinder is severely wounded.
Your bat hits Grinder but does no damage.
Your rat bites Grinder.
Grinder hits your rat.
Your rat dies!
Your rat's corpse disappears in a puff of smoke!
You hit Grinder but do no damage.
Grinder is severely wounded.
Your bat hits Grinder but does no damage.
Grinder gestures at your bat.
Your bat suddenly stops moving!
You hit Grinder.
Grinder is severely wounded.
Grinder gestures at you.
You suddenly lose the ability to move!
Grinder gestures at you. Pain shoots through your body!
You die...

#<# #.# #.#
#######.#########
.................
#######.##########
#......b.#.......#
#.######.5.#####.#
#@.§# #...# ∆
#.(.((....#
...........(#
######.......#
#.......# ∆
#......##
#........
##.....##


You could see Grinder (poisoned, ally target) and a friendly bat (summoned,
paralysed).

Vanquished Creatures
  An adder (D:2)
  A dart slug (D:1)
  An endoplasm (D:1)
  4 goblins
  4 hobgoblins
  A quokka (D:1)
  5 ball pythons
  5 bats
  3 frilled lizards
  3 kobolds
  6 rats
34 creatures vanquished.

Notes
Turn   | Place    | Note
-------+----------+-------------------------------------------
     0 | D:1      | wormed the Gnoll Wanderer began the quest for the Orb.
     0 | D:1      | wormed set off with the following items: a +2 spear, a +0
                  | helmet, a potion of lignification, a +0 robe; and the
                  | following spell memorised: Summon Small Mammal; and the
                  | following spells available to memorise: Summon Guardian
                  | Golem.
     0 | D:1      | Reached XP level 1. HP: 17/17 MP: 4/4
   404 | D:1      | Reached XP level 2. HP: 17/23 MP: 5/5
  1022 | D:2      | Reached XP level 3. HP: 27/28 MP: 7/7
  1296 | D:2      | Reached skill level 1 in Invocations
  1359 | D:2      | Identified the +0 robe of the Villain {Str+3 Int-4 SInv}
  1529 | D:2      | Reached skill level 1 in Short Blades
  1529 | D:2      | Reached skill level 1 in Long Blades
  1529 | D:2      | Reached skill level 1 in Axes
  1529 | D:2      | Reached skill level 1 in Maces & Flails
  1529 | D:2      | Reached skill level 1 in Staves
  1529 | D:2      | Reached skill level 1 in Ranged Weapons
  1529 | D:2      | Reached skill level 1 in Shields
  1529 | D:2      | Reached skill level 1 in Unarmed Combat
  1529 | D:2      | Reached skill level 1 in Evocations
  1617 | D:2      | Found a faded altar of an unknown god.
  1757 | D:2      | Prayed at the altar of an unknown god.
  1757 | D:2      | Became a worshipper of Cheibriados the Contemplative
  1757 | D:2      | Reached * piety under Cheibriados
  1829 | D:3      | Noticed Grinder
  1841 | D:3      | Paralysed by Grinder for 2 turns
  1853 | D:3      | Paralysed by Grinder for 5 turns
  1854 | D:3      | Killed from afar by Grinder

Illustrated notes

Levels and vault maps discovered:
D:1:      nzn_arrival_settlement, layout_basic
D:2:      layout_rooms, shapermc_ecumenical_altar_mp_vishouse,
          amethyst_killhole, minivault_4, roderic_serpentine_path,
          nrook_campfire
D:3:      layout_basic, uniq_grinder, uniq_jessica

Skill      XL: |  1  2  3 |
---------------+----------+-----
Summonings     | 2 |  2.1
Invocations    | 1 |  1.0
Short Blades   | 1 |  1.0
Long Blades    | 1 |  1.0
Axes           | 1 |  1.0
Maces & Flails | 1 |  1.0
Staves         | 1 |  1.0
Ranged Weapons | 1 |  1.0
Shields        | 1 |  1.0
Unarmed Combat | 1 |  1.0
Evocations     | 1 |  1.0
Fighting       | |  2.6
Polearms       | |  4.6
Throwing       | |  2.6
Armour         | |  2.6
Dodging        | |  4.6
Stealth        | |  2.4
Spellcasting   | |  2.9
Conjurations   | |  0.7
Hexes          | |  0.7
Necromancy     | |  0.7
Translocations | |  0.7
Transmutations | |  0.7
Fire Magic     | |  0.7
Ice Magic      | |  0.7
Air Magic      | |  0.7
Earth Magic    | |  0.7
Poison Magic   | |  0.7

Action                   || total
-------------------------++-------
Melee: Spear             ||    10
       Dagger            ||    82
       Bite              ||     5
       Unarmed           ||     1
       Punch             ||     2
Throw: Dart              ||     3
 Cast: Summon Small Mamm ||     2
  Use: Potion            ||     1
 Stab: Sleeping          ||     8
Armor: Skin              ||     2
       Robe              ||    17
Dodge: Dodged            ||    46

Table legend: (Time is in decaauts)
 A = Elapsed time spent in this place.
 B = Non-inter-level travel time spent in this place.
 C = Inter-level travel time spent in this place.
 D = Time resting spent in this place.
 E = Time spent auto-exploring this place.
 F = Levels seen in this place.
 G = Mean time per level.
                   A        B        C        D        E       F      G
               +--------+--------+--------+--------+--------+-----+--------+
         Total |   1876 |   1683 |    193 |      0 |   1392 |   3 |  625.3 |
       Dungeon |   1876 |   1683 |    193 |      0 |   1392 |   3 |  625.3 |
               +--------+--------+--------+--------+--------+-----+--------+

Top non-repeatable levels by time:
     D:1: 976 daAuts
     D:2: 853 daAuts
     D:3: 46 daAuts
